Map: Мир спящих РВ

Players

MindelVK - Winner!

  • Race: Protoss Protoss
  • League: Master
  • Spawn Location: 1:00

ИИ 1 (новичок)

  • Race: Zerg Zerg
  • Spawn Location: 7:00

VOD

Have the link to the VOD?

Description

Time

  • Played on: Dec. 28, 2019, 5:56 a.m.
  • Length: 6:51
Show
View Real Time Build Order
Export as new Build Order

MindelVK Protoss - Winner!

Build Orders: 1 Gate Expand, Oracle Opening, Zealot Archon, Archon Drop 

Get SALT Encoding   

  12  0:00  Probe  
  13  0:12  Probe  
  14  0:19  Pylon  
  14  0:25  Probe (Chrono Boost)  
  15  0:37  Probe (Chrono Boost)  
  15  0:38  Gateway  
  16  0:45  Probe (Chrono Boost)  
  16  0:47  Assimilator  
  17  0:51  Probe  
  18  1:03  Probe  
  19  1:16  Probe  
  20  1:23  Nexus  
  20  1:33  Cybernetics Core  
  20  1:36  Probe  
  21  1:43  Assimilator  
  21  1:48  Probe  
  21  1:51  Pylon  
  22  2:00  Probe (Chrono Boost)  
  23  2:07  Adept (Chrono Boost)  
  23  2:12  Probe (Chrono Boost)  
  26  2:17  Probe (Chrono Boost)  
  26  2:20  Stargate  
  27  2:27  Probe  
  27  2:29  Adept (Chrono Boost)  
  28  2:35  Probe  
  31  2:38  Warp Gate  
  31  2:39  Probe  
  32  2:48  Probe  
  32  2:50  Stalker (Chrono Boost)  
  34  2:51  Probe  
  36  3:00  Probe (Chrono Boost)  
  38  3:05  Probe (Chrono Boost)  
  38  3:12  Oracle, Probe (Chrono Boost)  
  42  3:18  Pylon  
  44  3:20  Probe x2 (Chrono Boost)  
  44  3:22  Assimilator  
  44  3:24  Assimilator  
  44  3:26  Probe  
  44  3:28  Gateway  
  44  3:29  Probe  
  46  3:38  Pylon, Probe  
  47  3:43  Probe  
  48  3:49  Oracle  
  48  3:50  Probe  
  51  3:56  Probe (Chrono Boost)  
  51  3:57  Robotics Facility  
  51  4:01  Forge  
  51  4:02  Probe (Chrono Boost)  
  53  4:12  Twilight Council, Probe (Chrono Boost)  
  53  4:13  Probe (Chrono Boost)  
  54  4:19  Gateway x2  
  54  4:28  Protoss Ground Weapons Level 1 (Chrono Boost)  
  54  4:40  Gateway  
  54  4:41  Gateway  
  54  4:43  Adept  
  54  4:45  Warp Prism (Chrono Boost)  
  56  4:47  Charge (Chrono Boost)  
  58  4:55  Templar Archives  
  58  5:06  Nexus  
  58  5:10  Pylon  
  58  5:13  Pylon  
  58  5:23  Zealot x2  
  58  5:28  Pylon  
  62  5:29  Zealot x2  
  62  5:34  Zealot  
  68  5:36  Zealot  
  70  5:47  High Templar x2  
  70  5:49  High Templar x2  
  78  5:51  Archon  
  78  5:53  Archon  
  78  6:22  Zealot x6  
  90  6:46  Zealot x2  
  90  6:47  Zealot x2  
Show
View Real Time Build Order
Export as new Build Order

ИИ 1 (новичок) Zerg 

Build Orders: Pool Only 

Get SALT Encoding   

  12  0:01  Drone  
  13  0:12  Overlord  
  13  0:16  Drone  
  14  0:34  Spawning Pool  
  13  0:36  Drone  
  13  0:40  Extractor  
  13  0:44  Drone  
  14  0:51  Overlord  
  14  1:20  Queen  
  14  1:22  Zergling x2  
  17  1:29  Roach Warren  
  17  1:32  Drone  
  17  1:36  Extractor  
  17  1:39  Drone  
  17  1:49  Zergling x2  
  18  1:58  Drone  
  19  2:06  Drone  
  20  2:15  Zergling x2  
  21  2:16  Drone  
  22  2:27  Overlord  
  22  2:28  Drone  
  23  2:35  Drone  
  24  2:42  Roach  
  26  2:49  Drone  
  27  3:43  Drone  
  27  3:45  Zergling x2  
  26  4:12  Zergling x2  
  27  6:22  Zergling x2  
  27  6:25  Overlord  
  26  6:31  Drone  
  21  6:38  Drone  
Tags
 
Add a new tag
Caveats
  • Supply blocks, unpowered buildings, or Contaminate may cause inaccurate times.
  • Supply counts are checked every 10 seconds.